[Event "Fredericia IM 2022"]
[Site "Fredericia"]
[Date "2022.05.26"]
[Round "2.1"]
[White "Hilwerda, FM Jonas"]
[Black "Storme, FM Isak"]
[Result "1/2-1/2"]
[ECO "C45"]
[WhiteElo "2275"]
[BlackElo "2388"]
[Annotator "TA"]
[PlyCount "46"]
[EventDate "2022.05.25"]
[EventType "tourn"]
[EventCountry "DEN"]
[SourceTitle "playchess.com"]
[Source "ChessBase"]
[SourceQuality "1"]
[TimeControl "40/5400+30:1800+30"]

1. e4 e5 2. Nf3 Nc6 3. d4 exd4 4. Nxd4 Nf6 5. Nxc6 bxc6 6. e5 Qe7 7. Qe2 Nd5 8. c4 Ba6 9. b3 g6 10. Ba3 $1 {[%emt 0:00:11][%mdl 4] now scores much better than the old 10.f4. C45: Scotch Game.} Nb4 11. Bb2 Bg7 $1 {[%emt 0:02:11] The position is equal.} 12. a3 Nd5 13. Nd2 O-O 14. O-O-O Rfe8 15. Qf3 {[%emt 0:00:23] Inhibits Nf4.} Nb6 16. Ne4 Bxe5 17. Bxe5 {[%emt 0:00:09][%mdl 64] [#] Remove Defender} Qxe5 18. Nf6+ Kf8 {[%emt 0:08:24] Strongly threatening ...Qa1+.} 19. Nxe8 {[%emt 0:00:11] aiming for Nf6.} Qa1+ 20. Kc2 Qa2+ 21. Kc1 $1 {[%emt 0:00:05] [#]} ({But not} 21. Kc3 $2 Rxe8 22. Bd3 Bxc4 23. Bxc4 (23. bxc4 {gets mated.} Na4+ 24. Kb4 Rb8+ 25. Ka5 Qxa3) 23... Nxc4 $19) 21... Qa1+ $146 ({Predecessor:} 21... Qxa3+ 22. Kb1 Na4 23. Qf6 Qxb3+ 24. Kc1 Qa3+ 25. Kc2 Qa2+ 26. Kc1 Qa3+ 27. Kc2 Qa2+ 28. Kc1 {½-½ (28) Wang,H (2762)-Ding,L (2805) Ekaterinburg 2021}) 22. Kc2 Qa2+ 23. Kc1 $1 (23. Kc3 Rxe8 24. Qf6 Kg8 $19) 23... Qa1+ {[%emt 0:00:07] A balanced but interesting game.  Weighted Error Value: White=0.00 (flawless) /Black=0.01 (flawless)} 1/2-1/2

[Event "Fredericia IM 2022"]
[Site "Fredericia"]
[Date "2022.05.26"]
[Round "2.2"]
[White "Easwaralingam, Adesh"]
[Black "Vinter-Schou, IM Uffe"]
[Result "*"]
[ECO "B43"]
[WhiteElo "2116"]
[BlackElo "2321"]
[Annotator "TA"]
[PlyCount "30"]
[EventDate "2022.05.25"]
[EventType "tourn"]
[EventCountry "DEN"]
[SourceTitle "playchess.com"]
[Source "ChessBase"]
[SourceQuality "1"]
[TimeControl "40/5400+30:1800+30"]

1. e4 c5 2. Nf3 e6 3. d4 cxd4 4. Nxd4 a6 5. Nc3 b5 6. Bd3 Qb6 7. Nb3 Qc7 8. O-O d6 {[%emt 0:00:05] B43: Sicilian: Kan Variation: 5 Nc3.} 9. Bd2 Nf6 (9... Nc6 $11 {might be stronger.}) 10. a4 $16 b4 {[%emt 0:01:28] White is slightly better.} 11. Na2 {[%emt 0:00:08] [#]} Bb7 $146 ({Predecessor:} 11... d5 12. exd5 Nxd5 13. c4 Nf6 14. Nxb4 Bd6 15. h3 Bb7 16. c5 Bh2+ 17. Kh1 Bf4 {½-½ (65) Gonzalez de la Torre,S (2472)-Romero Berruezo,F (2154) Linares 2013}) 12. Re1 d5 {[%emt 0:05:29] [#]} 13. exd5 ({Of course not} 13. Bxb4 $6 Bxb4 14. Nxb4 dxe4 $11) ({Stronger than} 13. Nxb4 dxe4 14. Bf1 Bd6 $15) 13... Nxd5 14. Qg4 Nc6 {[%emt 0:11:12] [#]} 15. Qc4 {[%emt 0:09:53] White is more active.} (15. Qh5 $1 $16 {[%cal Rh5d5] Strongly threatening Qxd5.} O-O-O 16. Qe2) 15... Be7 {[%emt 0:06:32] Weighted Error Value: White=0.26 (precise) /Black=0.16 (very precise)} *

[Event "Fredericia IM 2022"]
[Site "Fredericia"]
[Date "2022.05.26"]
[Round "2.2"]
[White "Easwaralingam, Adesh"]
[Black "Vinter-Schou, Uffe"]
[Result "1/2-1/2"]
[ECO "B43"]
[WhiteElo "2116"]
[BlackElo "2321"]
[Annotator "TA"]
[PlyCount "61"]
[EventDate "2022.05.25"]
[EventType "tourn"]
[EventCountry "DEN"]
[SourceTitle "playchess.com"]
[Source "ChessBase"]
[SourceQuality "1"]
[TimeControl "40/5400+30:1800+30"]

1. e4 c5 2. Nf3 e6 3. d4 cxd4 4. Nxd4 a6 5. Nc3 b5 6. Bd3 Qb6 7. Nb3 Qc7 8. O-O d6 {[%emt 0:00:05] B43: Sicilian: Kan Variation: 5 Nc3.} 9. Bd2 Nf6 10. a4 b4 {[%emt 0:01:28] White is slightly better.} 11. Na2 {[%emt 0:00:08] [#]} Bb7 $146 ({Predecessor:} 11... d5 12. exd5 Nxd5 13. c4 Nf6 14. Nxb4 Bd6 15. h3 Bb7 16. c5 Bh2+ 17. Kh1 Bf4 {½-½ (65) Gonzalez de la Torre,S (2472)-Romero Berruezo,F (2154) Linares 2013}) 12. Re1 d5 13. exd5 ({Reject} 13. Bxb4 $6 Bxb4 14. Nxb4 dxe4 $11) ({And not} 13. Nxb4 dxe4 14. Bf1 Bd6 $15) 13... Nxd5 14. Qg4 {[%emt 0:06:47] Nd4 is the strong threat.} Nc6 15. Qc4 {[%emt 0:09:53] White is more active.} (15. Qh5 $1 $14 O-O-O 16. Qe2) 15... Be7 $11 16. Be4 Nb6 (16... O-O $15) 17. Qe2 ({Better is} 17. Bxc6+ $14 Bxc6 18. Qg4) 17... O-O 18. c3 bxc3 $1 19. Nxc3 Nb4 20. Rac1 {[%emt 0:02:54][%cal Oc3d5] Threatens to win with Nd5!} Bxe4 (20... Qd7 $5 ) 21. Nxe4 Qe5 22. Bc3 $36 {[%emt 0:02:45][%mdl 2048] White has good play.} Qf4 23. Bd2 Qh4 (23... Qe5 $11 {and Black has nothing to worry.}) 24. a5 $1 $18 N6d5 25. Rc4 {[%emt 0:00:18] aiming for Nec5.} Rfc8 26. Nec5 Qf6 {[%emt 0:00:05][%cal Of6b2] [#]} 27. Bxb4 ({White should play} 27. Rec1 $1 $18 Bxc5 28. Nxc5) 27... Nxb4 $16 {[%emt 0:00:03][%mdl 64] [#] Remove Defender} 28. Rxb4 ({White should try} 28. Rec1 $1 $16 Qh6 29. g3 (29. Rxb4 Rxc5 30. Rxc5 Bxc5 $11)) 28... Bxc5 $11 {[%emt 0:00:02] The position is equal.} 29. Nxc5 Rxc5 30. Qxa6 Qd8 31. Rd4 {[%emt 0:02:50] Weighted Error Value: White=0.22 (precise) /Black=0.35} 1/2-1/2

[Event "Fredericia IM 2022"]
[Site "Fredericia"]
[Date "2022.05.26"]
[Round "2.3"]
[White "Egilstoft, FM Rogvi"]
[Black "Bogdanov, IM Egor"]
[Result "*"]
[ECO "B22"]
[WhiteElo "2334"]
[BlackElo "2415"]
[Annotator "TA"]
[PlyCount "22"]
[EventDate "2022.05.25"]
[EventType "tourn"]
[EventCountry "DEN"]
[SourceTitle "playchess.com"]
[Source "ChessBase"]
[SourceQuality "1"]
[TimeControl "40/5400+30:1800+30"]

1. e4 c5 2. c3 b6 3. Nf3 Bb7 4. Bc4 e6 5. Qe2 Nf6 6. e5 {[%emt 0:06:50] B27: Sicilian: 2 Nf3, unusual Black 2nd moves.} Nd5 7. d4 cxd4 8. cxd4 Bb4+ 9. Kf1 O-O 10. h4 {[%emt 0:04:17] [#]} Qc7 $146 {[%emt 0:04:40][%cal Ob6b5] Hoping for ...b5!} ({Predecessor:} 10... Nc6 11. h5 Rc8 12. Bg5 Nxd4 13. Qd1 Qc7 14. Bxd5 Ba6+ 15. Kg1 Ne2+ 16. Kh2 exd5 {0-1 (28) Khachatryan,V (2411)-Yegiazarian,A (2551) Yerevan 2001}) 11. Bd2 Rc8 {[%emt 0:08:32] Black took control after the opening.  Weighted Error Value: White=0.10 (very precise) /Black=0.01 (flawless)} *

[Event "Fredericia IM 2022"]
[Site "Fredericia"]
[Date "2022.05.26"]
[Round "2.3"]
[White "Egilstoft, Rogvi"]
[Black "Bogdanov, Egor"]
[Result "0-1"]
[ECO "B22"]
[WhiteElo "2334"]
[BlackElo "2415"]
[Annotator "TA"]
[PlyCount "88"]
[EventDate "2022.05.25"]
[EventType "tourn"]
[EventCountry "DEN"]
[SourceTitle "playchess.com"]
[Source "ChessBase"]
[SourceQuality "1"]
[TimeControl "40/5400+30:1800+30"]

1. e4 c5 2. c3 b6 3. Nf3 Bb7 4. Bc4 e6 5. Qe2 Nf6 6. e5 {[%emt 0:06:50] B27: Sicilian: 2 Nf3, unusual Black 2nd moves.} Nd5 7. d4 cxd4 8. cxd4 (8. Nxd4 $11 {keeps the balance.} Be7 9. Qg4) 8... Bb4+ $17 9. Kf1 O-O 10. h4 {[%emt 0:04:17] [#]} Qc7 $146 (10... Nc6 $6 11. Bxd5 exd5 12. a3 $15) ({Predecessor:} 10... Nc6 11. h5 Rc8 12. Bg5 Nxd4 13. Qd1 Qc7 14. Bxd5 Ba6+ 15. Kg1 Ne2+ 16. Kh2 exd5 {0-1 (28) Khachatryan,V (2411)-Yegiazarian,A (2551) Yerevan 2001}) 11. Bd2 Rc8 12. Bxb4 ({Don't go for} 12. Bxd5 $2 Ba6 13. Qxa6 (13. Bxa8 $2 {perishes.} Qc1+ 14. Ne1 Bxd2 $19) 13... Nxa6 $19) (12. b3 $142) 12... Nf4 (12... Nxb4 13. Na3 $15) 13. Qc2 Qxc4+ 14. Qxc4 Rxc4 15. Bc3 Rc7 16. Bd2 Nd5 ({Better is} 16... Nd3 $17 17. b3 Bxf3 18. gxf3 Nc6) 17. Rh3 Nc6 (17... Rc2 {with more complications.} 18. b3 Nc6 19. h5 Rb2) 18. h5 Ba6+ 19. Kg1 Be2 {[%emt 0:00:08] Hoping for ...Bxf3.} 20. Be3 (20. Ng5 $142) 20... Ncb4 $36 {[%emt 0:03:38][%mdl 2048] Black has strong initiative.} 21. Na3 Nc2 {[%emt 0:00:18] 0x0.000a5abaab66dp-1022s more active pieces. The white rooks are badly placed.} 22. Nxc2 Rxc2 23. Ng5 Bd3 24. h6 gxh6 25. Nf3 (25. Rxh6 {keeps fighting.} Rxb2 26. Rh3) 25... Nxe3 $19 ({Not} 25... Rxb2 26. Bxh6 Bf5 27. Rg3+ Bg6 28. Nh2 $17) 26. fxe3 Rxb2 27. Rxh6 Rc8 28. Rh3 Rb1+ 29. Rxb1 Bxb1 {[%emt 0:00:01][%mdl 4096] Endgame KRB-KRN} 30. a4 Bg6 31. Nh2 Kf8 32. Rf3 Rc4 33. a5 bxa5 {[%emt 0:00:24] Black is clearly winning.} 34. Rf1 Rb4 35. Kf2 Rb1 {[%emt 0:00:08] [#] Inhibits Ra1. And now ...a4 would win.} 36. Rxb1 (36. Kf3 $142 Rxf1+ 37. Nxf1) 36... Bxb1 {[%emt 0:00:01] KB-KN} 37. Ke2 a4 {[%emt 0:00:18] Strongly threatening ...a3.} 38. Kd2 Be4 39. g3 h5 40. Kc3 Kg7 41. Kb4 Bc6 42. Nf1 Kg6 {[%emt 0:00:16] White must now prevent ...Kf5.} 43. e4 Bxe4 44. Kxa4 Bc6+ {[%emt 0:00:05] Weighted Error Value: White=0.38/Black=0.02 (flawless)} 0-1

[Event "Fredericia IM 2022"]
[Site "Fredericia"]
[Date "2022.05.26"]
[Round "2.4"]
[White "Boe, FM Mads"]
[Black "Thorsbro, Peter"]
[Result "*"]
[ECO "C28"]
[WhiteElo "2293"]
[BlackElo "2192"]
[Annotator "TA"]
[PlyCount "15"]
[EventDate "2022.05.25"]
[EventType "tourn"]
[EventCountry "DEN"]
[SourceTitle "playchess.com"]
[Source "ChessBase"]
[SourceQuality "1"]
[TimeControl "40/5400+30:1800+30"]

1. e4 e5 2. Nc3 Nc6 3. Bc4 Nf6 4. d3 Bc5 5. a3 a5 {[%emt 0:08:17] The position is equal.} 6. Be3 {[#] C28: Vienna Game: 2...Nf6 3 Bc4 Nc6.} d6 $146 ({Predecessor:} 6... Qe7 7. Nge2 Bxe3 8. fxe3 Ng4 9. Nd5 Qh4+ 10. g3 Qd8 11. Nec3 d6 12. Qf3 Be6 13. Nxc7+ Qxc7 14. Bxe6 Nxe3 15. Bb3 Nxc2+ 16. Bxc2 Nd4 17. Ba4+ Kd8 18. Qg4 g6 19. Nd5 Qc8 20. Qg5+ {1-0 (20) Mantel,R (1939)-Gupta,M (1526) Zirndorf 2017}) 7. Bxc5 dxc5 8. Nge2 {[%emt 0:04:57] An uneventful encounter.} *

[Event "Fredericia IM 2022"]
[Site "Fredericia"]
[Date "2022.05.26"]
[Round "2.4"]
[White "Boe, Mads"]
[Black "Thorsbro, Peter"]
[Result "1-0"]
[ECO "C28"]
[WhiteElo "2293"]
[BlackElo "2192"]
[Annotator "TA"]
[PlyCount "67"]
[EventDate "2022.05.25"]
[EventType "tourn"]
[EventCountry "DEN"]
[SourceTitle "playchess.com"]
[Source "ChessBase"]
[SourceQuality "1"]
[TimeControl "40/5400+30:1800+30"]

1. e4 e5 2. Nc3 Nc6 3. Bc4 Nf6 4. d3 Bc5 5. a3 a5 6. Be3 {[#] C28: Vienna Game: 2...Nf6 3 Bc4 Nc6.} d6 $146 ({Predecessor:} 6... Qe7 7. Nge2 Bxe3 8. fxe3 Ng4 9. Nd5 Qh4+ 10. g3 Qd8 11. Nec3 d6 12. Qf3 Be6 13. Nxc7+ Qxc7 14. Bxe6 Nxe3 15. Bb3 Nxc2+ 16. Bxc2 Nd4 17. Ba4+ Kd8 18. Qg4 g6 19. Nd5 Qc8 20. Qg5+ {1-0 (20) Mantel,R (1939)-Gupta,M (1526) Zirndorf 2017}) 7. Bxc5 dxc5 8. Nge2 {[%emt 0:04:57] The position is equal.} O-O 9. O-O Nd4 10. Ng3 c6 11. Nce2 b5 12. Ba2 Qd6 13. c3 Nxe2+ 14. Qxe2 Be6 15. Bxe6 Qxe6 16. Nf5 g6 17. Ne3 Rad8 18. a4 $1 Ra8 19. f4 exf4 20. Rxf4 Nh5 (20... c4 $11) 21. Rf3 Ng7 $2 (21... c4 $11 {and Black is okay.}) 22. axb5 $18 cxb5 23. Raf1 ({Better is} 23. Nd5 $18) 23... Rad8 24. Rf6 Qe5 (24... Qe7 $142 25. Qf3 Rxd3) 25. Ng4 Qg5 26. Ne3 Qe5 $1 27. Qf2 Rd7 28. Nd5 (28. Ng4 $18 Qg5 {[#]} 29. Rxg6 $3 hxg6 30. Nf6+ Qxf6 31. Qxf6) 28... c4 (28... Ne6 $16) 29. Rc6 Rd6 $2 (29... Ne8 $16) 30. d4 Qe6 31. Rxd6 Qxd6 32. Nf6+ Kh8 33. Qh4 {[%emt 0:00:25][%csl Gf6][%cal Rh4h7] [#]} h5 (33... Nh5 34. Nxh5 gxh5 35. Qxh5 Qe6 36. Qxb5 Qxe4 37. Qxc4 a4) 34. Qg5 {[%emt 0:00:09] Weighted Error Value: White=0.28 (precise) /Black=0.34} 1-0

[Event "Fredericia IM 2022"]
[Site "Fredericia"]
[Date "2022.05.26"]
[Round "2.5"]
[White "Fries Nielsen, Jens Ove"]
[Black "Ramsdal, Jens Albert"]
[Result "0-1"]
[ECO "A45"]
[WhiteElo "2370"]
[BlackElo "2267"]
[Annotator "TA"]
[PlyCount "90"]
[EventDate "2022.05.25"]
[EventType "tourn"]
[EventCountry "DEN"]
[SourceTitle "playchess.com"]
[Source "ChessBase"]
[SourceQuality "1"]
[TimeControl "40/5400+30:1800+30"]

1. d4 Nf6 2. Nc3 d5 3. Bf4 e6 4. Nb5 Na6 5. e3 c6 6. Nc3 {[%emt 0:02:47] D00: 1 d4 d5: Unusual lines.} b5 7. Bd3 {[%emt 0:05:58] [#]} b4 $146 ({Predecessor:} 7... Bd6 8. Nf3 O-O 9. O-O Nb4 10. a3 Nxd3 11. cxd3 a5 12. Rc1 Ba6 13. Ne2 Rc8 14. Bxd6 Qxd6 {0-1 (31) Mikhailovsky,V (2228)-Semenova,E (2283) Chess.com INT 2020}) 8. Na4 {[%emt 0:02:53] The position is equal.} Qa5 9. b3 c5 10. dxc5 Bd7 11. Qe2 Nxc5 12. Nxc5 Qxc5 13. Be5 {[%emt 0:00:24] Against Qc3+} Bd6 14. Bd4 Qc7 15. f4 Bc5 {[%emt 0:04:22] Hoping for ...Bxd4.} 16. Nf3 Bxd4 17. Nxd4 Qc3+ 18. Kf2 e5 $36 {[%emt 0:01:10][%mdl 2048] Black fights for an advantage.} 19. fxe5 Ng4+ 20. Kg3 {[%emt 0:00:09][%cal Oe5e6] Black must now prevent e6!} Qc7 21. Bb5 (21. Bf5 $15 Nxe5 22. Rhf1) 21... Qxe5+ $17 22. Kf3 {[%emt 0:00:01] And now Bxd7+ would win.} Qf6+ ({Don't play} 22... Nxh2+ $6 23. Rxh2 $1 Qxh2 24. Bxd7+ Kxd7 25. Qb5+ Kc8 26. Qxd5 $11) 23. Kg3 Qd6+ 24. Kf3 Rb8 {[%emt 0:06:30] Black is more active.} (24... Nxh2+ 25. Kf2 $18) ({Inferior is} 24... Qf6+ 25. Kg3 Qd6+ 26. Kf3 $15) 25. Bxd7+ Qxd7 26. h3 {[%emt 0:08:42] [#]} Nf6 27. g3 h5 28. Kg2 h4 29. g4 Ne4 {[%emt 0:00:11] Against Qf2} 30. Qf3 Rb6 ({Better is} 30... O-O $17 {aiming for ...Rb6.} 31. Rhf1 Ng3) 31. Qf4 {[%emt 0:02:29] Now White is beyond hope.} (31. Qf5 $1 $15) 31... O-O $19 32. Rhf1 Rf6 33. Qe5 Re8 34. Qh2 Rxf1 35. Rxf1 {[%emt 0:00:24] [#]} Ng3 $1 36. Rf3 Qc7 37. Qg1 Qc3 {[%emt 0:00:06] Against Qe1} 38. Qf2 Qa1 39. Qg1 {[%emt 0:00:52] Against Qh1+} Qxa2 40. Qd1 Qa5 41. Nf5 Nxf5 42. gxf5 Qc5 43. Qd3 Rc8 44. Rf2 Qd6 45. Rf4 Rc3 {[%emt 0:00:00] Weighted Error Value: White=0.17 (very precise) /Black=0.07 (flawless)} 0-1

[Event "Fredericia IM 2022"]
[Site "Fredericia"]
[Date "2022.05.26"]
[Round "2.5"]
[White "Fries Nielsen, IM Jens Ove"]
[Black "Ramsdal, FM Jens Albert"]
[Result "*"]
[ECO "A45"]
[WhiteElo "2370"]
[BlackElo "2267"]
[Annotator "TA"]
[PlyCount "18"]
[EventDate "2022.05.25"]
[EventType "tourn"]
[EventCountry "DEN"]
[SourceTitle "playchess.com"]
[Source "ChessBase"]
[SourceQuality "1"]
[TimeControl "40/5400+30:1800+30"]

1. d4 Nf6 2. Nc3 d5 3. Bf4 e6 4. Nb5 Na6 5. e3 c6 6. Nc3 {[%emt 0:02:47] D00: 1 d4 d5: Unusual lines.} b5 7. Bd3 {[%emt 0:05:58] [#]} b4 $146 {[%emt 0:02:32] The position is equal.} ({Predecessor:} 7... Bd6 8. Nf3 O-O 9. O-O Nb4 10. a3 Nxd3 11. cxd3 a5 12. Rc1 Ba6 13. Ne2 Rc8 14. Bxd6 Qxd6 {0-1 (31) Mikhailovsky,V (2228)-Semenova,E (2283) Chess.com INT 2020}) 8. Na4 Qa5 9. b3 c5 $1 {[%emt 0:05:43] A rather calm draw.  Weighted Error Value: White=0.11 (very precise) /Black=0.09 (flawless)} *

[Event "Fredericia IM 2022"]
[Site "Fredericia"]
[Date "2022.05.26"]
[Round "3.1"]
[White "Bogdanov, Egor"]
[Black "Boe, Mads"]
[Result "1-0"]
[ECO "B12"]
[WhiteElo "2415"]
[BlackElo "2293"]
[Annotator "TA"]
[PlyCount "77"]
[EventDate "2022.05.25"]
[EventType "tourn"]
[EventCountry "DEN"]
[SourceTitle "playchess.com"]
[Source "ChessBase"]
[SourceQuality "1"]
[TimeControl "40/5400+30:1800+30"]

1. e4 c6 2. d4 d5 3. e5 c5 4. dxc5 e6 5. a3 Bxc5 6. b4 {[%emt 0:00:43] B12: Caro-Kann: Advance Variation.} Bb6 7. Nf3 Ne7 8. Bd3 {[%emt 0:01:29] The position is equal.} Nbc6 9. Bb2 Ng6 10. b5 Na5 11. g3 Bd7 12. Nbd2 Rc8 13. Qe2 O-O 14. O-O {[%emt 0:02:04] [#]} a6 $146 ({Predecessor:} 14... Qc7 15. Rac1 Nc4 16. Bxc4 dxc4 17. Ne4 Bxb5 18. Nd6 Bc6 19. Nxc8 Rxc8 20. Rcd1 Bd5 {0-1 (46) Skliarov,V (2387)-Tabatabaei,M (2623) Chess.com INT 2022}) 15. a4 axb5 16. axb5 Bc5 17. h4 h6 {[%emt 0:10:59] Prevents Ng5.} 18. Rfd1 b6 19. c4 dxc4 (19... Qc7 $11 {keeps the balance.}) 20. Nxc4 $16 ({Don't play} 20. Bxc4 $6 Nxc4 21. Nxc4 Ne7 $14) 20... Nxc4 21. Bxc4 Re8 22. Bd3 Re7 (22... Ne7 $16 23. Qe4 Nf5) 23. Ra4 (23. Nd2 $18) 23... Qc7 $2 (23... Nf8 $16 24. Nd4 Ra8) 24. Rg4 (24. h5 $18) 24... Be8 $2 (24... h5 $16 25. Ra4 Be8) 25. h5 $18 Nf8 26. Bc1 $2 (26. Nd2 $1 $18) 26... Kh8 $2 {[%emt 0:02:00][%mdl 8192] [#]} (26... Nh7 $16) 27. Qd2 $2 (27. Bxh6 $1 $18 {[%mdl 512] and the rest is easy.} gxh6 28. Qd2) 27... Rd7 $16 {[%emt 0:05:30] [#]} 28. Rxg7 {[%emt 0:03:46] White is more active.} Kxg7 $11 29. Qxh6+ Kg8 {[%emt 0:00:09] Strongly threatening ...f5.} 30. Qg5+ $40 {[%emt 0:04:50][%mdl 128] Black needs to defend precisely.} Ng6 $1 31. hxg6 fxg6 {[%emt 0:00:06][%cal Od7d3] aiming for ...Rxd3!} 32. Kg2 {[%emt 0:16:31] Hoping for Qg4.} Qd8 {[%emt 0:02:09] [#]} 33. Qg4 $1 Rxd3 34. Rxd3 Qxd3 35. Qxe6+ Kg7 36. Qxc8 {[%emt 0:03:26] Chess con chili.} Bxb5 {[%emt 0:00:06][%mdl 8192] [#]} (36... Qe2 $11 37. Qb7+ (37. Qxe8 Qxf2+ 38. Kh3 Qxf3 $11) 37... Kh8) 37. Bh6+ $1 {[%emt 0:01:55][%mdl 512] White mates.} Kh7 38. Ng5+ Kxh6 39. Qh3+ {[%emt 0:00:10] Weighted Error Value: White=0.36/Black=0.64} 1-0

[Event "Fredericia IM 2022"]
[Site "Fredericia"]
[Date "2022.05.26"]
[Round "3.2"]
[White "Ramsdal, Jens Albert"]
[Black "Hilwerda, Jonas"]
[Result "1-0"]
[ECO "A05"]
[WhiteElo "2267"]
[BlackElo "2275"]
[Annotator "TA"]
[PlyCount "83"]
[EventDate "2022.05.25"]
[EventType "tourn"]
[EventCountry "DEN"]
[SourceTitle "playchess.com"]
[Source "ChessBase"]
[SourceQuality "1"]
[TimeControl "40/5400+30:1800+30"]

1. Nf3 Nf6 2. c4 g6 3. Nc3 d5 4. cxd5 Nxd5 5. h4 Bg7 6. h5 {[%emt 0:04:05] A16: English Opening: 1...Nf6 with ...d5.} Nxc3 7. bxc3 c5 8. e4 {[%emt 0:01:37] White is slightly better.} Nc6 {[%emt 0:03:42] [#]} 9. Be2 $146 ({Predecessor:} 9. Bb5 O-O 10. Ba3 Qb6 11. Rb1 a6 12. Bc4 Qc7 13. Qe2 Qa5 14. hxg6 hxg6 15. Nh4 {0-1 (26) Mikhalevski,V (2573)-Korobov,A (2685) Struga 2021}) 9... Bg4 10. Qb3 {[%emt 0:12:05] Ng5 is the strong threat.} O-O 11. hxg6 (11. Qxb7 Nb4 12. cxb4 Bxa1 13. hxg6 (13. bxc5 Bxh5 14. O-O Rb8 $17) 13... hxg6 14. bxc5 Rb8 15. Qxa7 Bxf3 16. Bxf3 (16. gxf3 $2 Bb2 $19) 16... Qd3 $17) 11... hxg6 12. Ba3 b6 13. Rh4 (13. Rd1 $11) 13... Bxf3 $15 14. gxf3 e6 15. Rh3 Qg5 16. Rg3 (16. Rd1 $1 $15) 16... Qh4 $17 17. O-O-O Be5 (17... Qh2 $17 18. Rf1 Qh6) 18. Rg2 (18. Rxg6+ $1 $11 fxg6 19. Qxe6+ Kg7 20. Qxc6) 18... Rfd8 (18... Na5 $17 19. Qb5 Rac8) 19. Kb1 (19. Rxg6+ $1 $15 fxg6 20. Qxe6+ Kg7 21. Qxc6) 19... Na5 20. Qc2 ({But not} 20. Rxg6+ $2 Kf8 21. Rg4 Qxf2 $19) 20... c4 21. Rf1 (21. f4 $142 Bxf4 22. e5 Rxd2 23. Qe4 Rxd1+ 24. Bxd1) 21... Qh6 (21... Qf6 $17 22. Rd1 Rd7) 22. Rd1 (22. Be7 $15) 22... Bf4 (22... Rd7 $17 23. Bc1 Rad8) 23. Bc1 (23. Be7 $1 $15 Rxd2 24. Rxd2 Bxd2 25. Bd1) 23... Rd7 24. e5 {[%emt 0:01:11] [#]} (24. Qa4 $17 {might work better.} Rad8 25. Qb5) 24... Rad8 $1 $19 (24... Bxe5 25. Qe4 Rd5 26. d4 $16) 25. Rdg1 Kg7 ({Black should try} 25... Qh5 $19 26. Qe4 Qxe5 27. Qxe5 Bxe5) 26. Qe4 $17 Bxd2 27. Bb2 {[%emt 0:00:05] [#]} (27. Ba3 $17 Rd5 28. Be7 Rb5+ 29. Kc2) 27... b5 $2 ({Black should play} 27... Nb7 $1 $19 {Threatens to win with ...Nc5.} 28. Qxc4 Nc5) 28. Rg4 $11 {[%emt 0:00:47] Black must now prevent Rh4.} Qh5 ({Better is} 28... Nb7 $1 $11 29. f4 Nc5) 29. Rh4 $14 Qf5 30. Qxf5 {[%emt 0:00:20] Chess con chili.} exf5 31. Rgh1 $1 b4 $2 {[%emt 0:00:57][%mdl 8192] A mistake that costs the game.} (31... Nc6 $16) 32. cxb4 $18 c3 33. Ba3 ({Stronger than} 33. bxa5 cxb2 34. Rh7+ Kf8 $11) 33... c2+ 34. Kxc2 Rc8+ 35. Kb1 {[%emt 0:00:08] White threatens Rh7+ and mate.} Rc3 36. Bb2 Nb7 37. e6 Rdc7 38. Rd1 Bg5 39. Rc4 Rc6 40. Rxc3 (40. Rxc6 $142 Kf8 41. Bxc3 Nd8 42. Rc8 fxe6 43. Rd7 Ke8 44. Rh7 Kf8 45. Bb5) 40... Rxc3 41. Bc4 (41. Bxc3+ $142 Kf8 42. Rd7) 41... Bf6 42. Bxc3 {[%emt 0:00:22] Weighted Error Value: White=0.32/Black=0.95} 1-0

[Event "Fredericia IM 2022"]
[Site "Fredericia"]
[Date "2022.05.26"]
[Round "3.3"]
[White "Vinter-Schou, Uffe"]
[Black "Fries Nielsen, Jens Ove"]
[Result "1/2-1/2"]
[ECO "E06"]
[WhiteElo "2321"]
[BlackElo "2370"]
[Annotator "TA"]
[PlyCount "61"]
[EventDate "2022.05.25"]
[EventType "tourn"]
[EventCountry "DEN"]
[SourceTitle "playchess.com"]
[Source "ChessBase"]
[SourceQuality "1"]
[TimeControl "40/5400+30:1800+30"]

1. c4 Nf6 2. Nf3 e6 3. g3 d5 4. d4 Be7 5. Bg2 O-O 6. O-O Na6 7. Nc3 {[%emt 0:01:31] E06: Closed Catalan: Early deviations.} c6 8. Ne5 Nd7 9. Nxd7 Bxd7 {[%emt 0:03:30] [#]} 10. Qb3 $146 ({Predecessor:} 10. cxd5 cxd5 11. a3 Nc7 12. Bf4 Nb5 13. Nxb5 Bxb5 14. Rc1 Rc8 15. Qd2 Qd7 16. Bf3 {½-½ (35) Shen,C (2165)-Charbonneau,P (2505) Chess.com INT 2017}) 10... b5 11. cxb5 cxb5 12. a3 {[%emt 0:05:18] The position is equal.} b4 13. axb4 Nxb4 14. e4 Bc6 (14... dxe4 {is more complex.} 15. Bxe4 Rb8 16. Bf4 Rb6) 15. exd5 Nxd5 16. Nxd5 Bxd5 17. Bxd5 exd5 18. Ra6 Bf6 19. Be3 Qd7 20. Rc1 Rfb8 21. Qa2 h5 22. Bf4 Rb4 23. Rd6 Qb5 24. Rxd5 Rxb2 {[%emt 0:01:01] [#] And now ...Qe2 would win.} 25. Qc4 Qxc4 26. Rxc4 h4 27. Kg2 hxg3 28. hxg3 a5 29. Ra4 Rb4 30. Raxa5 Rxa5 31. Rxa5 {[%emt 0:00:06] A balanced but interesting game.  Weighted Error Value: White=0.06 (flawless) /Black=0.05 (flawless)} 1/2-1/2